 Dungeon Crawl Stone Soup version 0.22.1-1-ga44c0e56f4 (webtiles) character file.

8366 Ivernyr the Thaumaturge (level 11, -5/54 HPs)
             Began as a Deep Elf Wizard on Nov 5, 2018.
             Was an Elder of Cheibriados.
             Slain by an ice devil (19 damage)
             ... summoned by a kobold demonologist
             ... on level 8 of the Dungeon on Nov 9, 2018.
             The game lasted 01:13:02 (14099 turns).

Ivernyr the Thaumaturge (Deep Elf Wizard)          Turns: 14099, Time: 01:13:03

Health: -5/54      AC: 10    Str: 13      XL:     11   Next: 9%
Magic:  21/31      EV: 19    Int: 36      God:    Cheibriados [****..]
Gold:   526        SH:  0    Dex: 21 (22) Spells: 30/39 levels left

rFire    . . .     SeeInvis .   c - +2 whip (elec)
rCold    . . .     Gourm    .   (no shield)
rNeg     + . .     Faith    .   a - +2 robe {MR+}
rPois    +         Spirit   .   J - +0 helmet
rElec    .         Reflect  .   h - +2 cloak
rCorr    .         Harm     .   p - +0 pair of gloves
MR       ++...                  D - +0 pair of boots
Stlth    ++........             (no amulet)
HPRegen  0.18/turn              j - ring of positive energy
MPRegen  0.22/turn              y - ring of poison resistance

@: very slow
A: no striking features
a: Bend Time, Temporal Distortion, Slouch, Renounce Religion


You were on level 8 of the Dungeon.
You worshipped Cheibriados.
Cheibriados was greatly pleased with you.
You were hungry.

You visited 2 branches of the dungeon, and saw 10 of its levels.

You collected 526 gold pieces.

Inventory:

Hand Weapons
 c - a +2 whip of electrocution (weapon)
 K - a +3 falchion
Armour
 a - a +2 robe of magic resistance (worn)
 h - a +2 cloak (worn)
 p - a +0 pair of gloves (worn)
 D - a +0 pair of boots (worn)
 I - a +0 buckler
 J - a +0 helmet (worn)
Magical Staves
 H - an uncursed staff of earth
Jewellery
 j - a ring of positive energy (left hand)
 y - a ring of poison resistance (right hand)
 F - a cursed ring of attention {unknown}
Wands
 r - a wand of polymorph (12)
 x - a wand of digging (35)
 A - a wand of clouds (2)
 B - a wand of scattershot (7)
Scrolls
 f - a scroll of fog {unknown}
 m - 4 scrolls of teleportation
 n - 4 scrolls of identify
 o - 2 scrolls of enchant armour {unknown}
 q - 7 scrolls of remove curse
 s - 2 scrolls of noise {unknown}
 t - 3 scrolls of immolation {unknown}
 u - 4 scrolls of fear
 E - a scroll of magic mapping {unknown}
 G - 2 scrolls of blinking {unknown}
 L - a scroll of amnesia {unknown}
Potions
 b - 2 potions of might {unknown}
 e - 5 potions of mutation {unknown}
 g - 2 potions of haste {unknown}
 i - 4 potions of curing {unknown}
 k - 2 potions of flight {unknown}
 l - 2 potions of ambrosia {unknown}
 v - a potion of lignification {unknown}
 w - a potion of heal wounds {unknown}
 z - 2 potions of berserk rage {unknown}
 C - a potion of resistance {unknown}
 M - a potion of cancellation {unknown}
Comestibles
 d - 24 rations


   Skills:
 - Level 7.7 Dodging
 - Level 2.4 Stealth
 + Level 4.2 Shields
 * Level 14.8 Spellcasting
 + Level 9.1 Conjurations
   Level 1.1 Summonings
 - Level 1.1 Translocations
 + Level 6.0 Invocations


You had 30 spell levels left.
You knew the following spells:

 Your Spells              Type           Power        Failure   Level  Hunger
a - Magic Dart            Conj           ####         1%          1    None
b - Blink                 Tloc           N/A          1%          2    None
c - Conjure Flame         Conj/Fire      ######..     1%          3    None
d - Mephitic Cloud        Conj/Pois/Air  #####...     1%          3    None

Your spell library contained the following spells:

 Spells                   Type           Power        Failure   Level  Hunger
 Freeze                   Ice            ####         1%          1    None
 Call Imp                 Summ           ####....     1%          2    None
 Throw Frost              Conj/Ice       ######       1%          2    None
 Slow                     Hex            ####....     2%          2    None
 Throw Icicle             Conj/Ice       ######..     2%          4    None
 Ozocubu's Armour         Chrm/Ice       ####....     4%          3    None
 Summon Ice Beast         Ice/Summ       ####....     11%         4    None


Dungeon Overview and Level Annotations

Branches:
Dungeon (9/15)             Temple (1/1) D:7            Lair (0/6) D:9
    Orc: D:9-12

Altars:
Ashenzari
Cheibriados
Dithmenos
Elyvilon
Fedhas
Gozag
Hepliaklqana
Kikubaaqudgha
Makhleb
Nemelex Xobeh
Okawaru
Qazlal
Ru
Sif Muna
Trog
Uskayaw
Vehumet
Wu Jian
Yredelemnul
Zin
The Shining One


Message History

The ice devil completely misses you.
Casting: Magic Dart (safe; 1% risk of failure)
Confirm with . or Enter, or press ? or * to list all spells.
Aiming: Magic Dart (safe; 1% risk of failure)
Press: ? - help, Shift-Dir - straight line, f/p - kobold demonologist
Aim: a kobold demonologist, wielding an enchanted dagger and wearing a robe The magic dart hits the kobold demonologist.
The kobold demonologist is almost dead.
The ice devil hits you. The ice devil freezes you!
Casting: Magic Dart (safe; 1% risk of failure)
Confirm with . or Enter, or press ? or * to list all spells.
Aiming: Magic Dart (safe; 1% risk of failure)
Press: ? - help, Shift-Dir - straight line, f/p - kobold demonologist
Aim: a kobold demonologist, wielding an enchanted dagger and wearing a robe The magic dart hits the kobold demonologist.
The kobold demonologist is almost dead.
The ice devil hits you.
* * * LOW HITPOINT WARNING * * *
The ice devil freezes you!!
You die...

#......#.........#............
#......###'#####'#............
#......#...##........###'#..))
#......#....#........#...####'
#......#....#........+....#...
#......#....#........#....#...
#......#....#........#....#...
#......#....#4..K....#....#...
#......'....+@.......#...###'#
#......##+###........##'##....
#.............................
#.............................
#..)..........................
#.............................
#.............................
#......###'###############....
#......#.........(.#.....##'##


You could see an ice devil and a kobold demonologist (confused).

Vanquished Creatures
  Erolcha (D:9)
  Prince Ribbit (D:5)
  A hornet (D:7)
  A hippogriff (D:9)
  Sigmund (D:5)
  A wyvern (D:8)
  10 yaks
  2 basilisks (D:9)
  Menkaure (D:5)
  3 porcupines (D:9)
  2 sky beasts
  An orc warrior (D:8)
  A wolf (D:9)
  6 black bears
  2 ice beasts (D:7)
  A phantom (D:6)
  3 necrophages
  2 ogres
  7 centaurs
  2 crocodiles (D:9)
  A big kobold (D:9)
  4 bullfrogs
  A water moccasin skeleton (D:8)
  8 killer bees
  2 vampire bats (D:5)
  13 wights
  3 howler monkeys (D:9)
  3 crimson imps
  2 bullfrog zombies
  2 bullfrog skeletons
  4 orc priests
  3 hounds
  A jelly (D:5)
  Jessica (D:2)
  2 iguanas
  8 orc wizards
  3 worker ants
  A hound zombie (D:7)
  A hound skeleton (D:7)
  A howler monkey zombie (D:5)
  4 gnolls (D:4)
  5 adders
  A shadow imp (D:8)
  An adder zombie (D:6)
  4 worms
  4 dart slugs
  33 orcs
  10 bats
  4 bat skeletons (D:5)
  2 bat zombies (D:5)
  6 giant cockroaches
  5 goblins
  3 hobgoblins
  3 jackals (D:4)
  7 quokkas
  5 frilled lizards
  11 kobolds
  A quokka skeleton (D:5)
  4 rats
226 creatures vanquished.

Vanquished Creatures (collateral kills)
  2 killer bees (D:8)
2 creatures vanquished.

Vanquished Creatures (others)
  A wight (D:9)
  2 fungi (D:9)
  2 plants (D:9)
5 creatures vanquished.

Grand Total: 233 creatures vanquished

Notes
Turn   | Place    | Note
-------+----------+-------------------------------------------
     0 | D:1      | Ivernyr the Deep Elf Wizard began the quest for the Orb.
     0 | D:1      | Reached XP level 1. HP: 10/10 MP: 7/7
   310 | D:1      | Reached XP level 2. HP: 15/15 MP: 1/9
   314 | D:1      | Learned a level 2 spell: Blink
   780 | D:2      | Reached skill level 5 in Spellcasting
   828 | D:2      | Noticed Jessica
   834 | D:2      | Killed Jessica
   834 | D:2      | Reached XP level 3. HP: 19/19 MP: 5/11
  1244 | D:2      | Learned a level 3 spell: Conjure Flame
  1248 | D:2      | Learned a level 3 spell: Mephitic Cloud
  1296 | D:2      | Reached XP level 4. HP: 24/24 MP: 7/13
  1617 | D:2      | Reached skill level 6 in Spellcasting
  2045 | D:3      | Found an opulent altar of Gozag.
  2444 | D:3      | Found a white marble altar of Elyvilon.
  2507 | D:3      | Found a faded altar of an unknown god.
  2720 | D:4      | Reached XP level 5. HP: 28/28 MP: 9/15
  3156 | D:4      | Found an ornate altar of the Wu Jian Council.
  3905 | D:4      | Reached skill level 7 in Spellcasting
  3927 | D:4      | Reached XP level 6. HP: 18/32 MP: 2/18
  4475 | D:5      | Entered Level 5 of the Dungeon
  4743 | D:5      | Reached skill level 8 in Spellcasting
  4862 | D:5      | Reached XP level 7. HP: 36/36 MP: 15/20
  5132 | D:5      | Noticed Menkaure
  5142 | D:5      | Killed Menkaure
  5142 | D:5      | Reached skill level 5 in Dodging
  5562 | D:5      | Reached skill level 9 in Spellcasting
  5564 | D:5      | Noticed Sigmund
  5583 | D:5      | Killed Sigmund
  5583 | D:5      | Reached skill level 5 in Conjurations
  5846 | D:5      | Noticed Prince Ribbit
  5862 | D:5      | Killed Prince Ribbit
  5862 | D:5      | Reached skill level 10 in Spellcasting
  5862 | D:5      | Reached XP level 8. HP: 41/41 MP: 9/24
  6358 | D:5      | Found an ancient bone altar of Kikubaaqudgha.
  6903 | D:6      | Reached skill level 11 in Spellcasting
  7558 | D:6      | Found a bloodstained altar of Trog.
  7747 | D:7      | Reached XP level 9. HP: 43/45 MP: 7/26
  7958 | D:7      | Found a staircase to the Ecumenical Temple.
  7970 | Temple   | Entered the Ecumenical Temple
  8037 | Temple   | Became a worshipper of Cheibriados the Contemplative
  8164 | D:7      | Found a sacrificial altar of Ru.
  8246 | D:7      | Found a basalt altar of Yredelemnul.
  8297 | D:7      | Reached skill level 1 in Invocations
  8339 | D:7      | Found an iron altar of Okawaru.
  8620 | D:7      | Reached skill level 12 in Spellcasting
  8817 | D:7      | Reached * piety under Cheibriados
  9076 | D:7      | Reached skill level 1 in Shields
  9272 | D:8      | Found a hazy altar of Hepliaklqana.
  9935 | D:8      | Reached skill level 13 in Spellcasting
  9949 | D:8      | Reached XP level 10. HP: 24/50 MP: 20/29
  9972 | D:8      | Reached ** piety under Cheibriados
 11050 | D:9      | Found a basalt altar of Yredelemnul.
 11148 | D:9      | Reached *** piety under Cheibriados
 11319 | D:9      | Got a faintly humming ring mail
 11338 | D:9      | Identified the cursed +1 ring mail of Zuewah {-Tele Dex+8}
                  | (You found it on level 9 of the Dungeon)
 11522 | D:8      | Reached skill level 5 in Invocations
 11525 | D:8      | Reached skill level 14 in Spellcasting
 12566 | D:9      | Noticed Erolcha
 13040 | D:9      | Found a staircase to the Lair.
 13292 | D:8      | Reached **** piety under Cheibriados
 13542 | D:9      | Killed Erolcha
 13542 | D:9      | Reached XP level 11. HP: 54/54 MP: 23/31
 13754 | D:9      | Noticed a sixfirhy
 13757 | D:9      | Noticed a sixfirhy
 13760 | D:9      | Noticed a soul eater
 14088 | D:9      | Noticed a sun demon
 14099 | D:8      | Slain by an ice devil

Skill      XL: |  1  2  3  4  5  6  7  8  9 10 |
---------------+-------------------------------+-----
Spellcasting   | 5 6 7 8 10 11 13 14 | 14.8
Conjurations   | 2 3 4 5 6 7 9 |  9.1
Dodging        | 3 4 6 7 |  7.7
Invocations    | 3 6 |  6.0
Shields        | 2 4 |  4.2
Stealth        | |  2.4
Summonings     | |  1.1
Translocations | |  1.1

Action                   |  1- 3 |  4- 6 |  7- 9 | 10-12 || total
-------------------------+-------+-------+-------+-------++-------
Melee: Whip              |     5 |    33 |    72 |    52 ||   162
       Falchion          |       |       |       |     1 ||     1
 Cast: Magic Dart        |    60 |   168 |   364 |   389 ||   981
       Mephitic Cloud    |       |     7 |    18 |    39 ||    64
       Conjure Flame     |       |       |     6 |     7 ||    13
       Blink             |       |       |     9 |    13 ||    22
  Use: Scroll            |       |       |     4 |     2 ||     6
 Stab: Confused          |       |     3 |     4 |     2 ||     9
  Eat: Chunk             |     1 |    11 |    13 |     5 ||    30
Armor: Robe              |     2 |     8 |    46 |    73 ||   129
Dodge: Dodged            |    10 |    25 |   142 |   312 ||   489
